 Dungeon Crawl Stone Soup version 0.18-a0-1343-g48c8f86 (webtiles) character file.

683 namelastname112 the Conjurer (level 7, 2/75 HPs)
             Began as a Mottled Draconian Conjurer on Feb 16, 2016.
             Quit the game on level 4 of the Dungeon.
             The game lasted 00:06:10 (3235 turns).

namelastname112 the Conjurer (DrCj)                 Turns: 3235, Time: 00:06:10

Health: 2/75       AC:  6    Str: 15    XL:     7   Next: 35%
Magic:  1/14       EV: 12    Int: 17    God:
Gold:   105        SH:  0    Dex: 12    Spells: 3 memorised, 8 levels left

rFire  . . .     SeeInvis .     n - -1 dagger (curse)
rCold  . . .     Gourm    .     (armour unavailable)
rNeg   . . .     Faith    .     (no shield)
rPois  .         Spirit   .     (helmet restricted)
rElec  .         Dismiss  .     (no cloak)
rCorr  .         Reflect  .     (no gloves)
SustAt .         Harm     .     (no boots)
MR     +....                    h - amulet of rage
Stlth  ..........               (no ring)
                                m - ring of protection from magic

@: berserking, lethally poisoned (2 -> -4), very quick, somewhat resistant to
hostile enchantments, extremely unstealthy
A: breathe sticky flame splash, unfitting armour, cold-blooded, AC +6
a: Breathe Sticky Flame, Evoke Berserk Rage


You were on level 4 of the Dungeon.
You were not hungry.

You visited 1 branch of the dungeon, and saw 4 of its levels.

You collected 105 gold pieces.

Inventory:

Hand Weapons
 n - a cursed -1 dagger (weapon)
Jewellery
 h - an amulet of rage (around neck)
 m - a ring of protection from magic (left hand)
Scrolls
 g - 4 scrolls of blinking {unknown}
 k - 2 scrolls of random uselessness {unknown}
 l - 2 scrolls of magic mapping {unknown}
 o - a scroll of remove curse {unknown}
 p - 2 scrolls of enchant weapon {unknown}
 q - a scroll of enchant armour {unknown}
 r - 2 scrolls of noise {unknown}
 s - a scroll of amnesia {unknown}
 t - 4 scrolls of identify {unknown}
 u - a scroll of teleportation {unknown}
 x - a scroll of immolation {unknown}
Potions
 c - a potion of lignification {unknown}
 e - 4 potions of degeneration {unknown}
 i - 2 potions of flight
 j - a potion of brilliance
 w - 2 potions of magic {unknown}
Books
 a - a book of Conjurations

   Spells                             Type                      Level
   a - Magic Dart                     Conjuration                  1
   b - Searing Ray                    Conjuration                  2
   c - Dazzling Spray                 Conjuration/Hexes            3
   d - Fulminant Prism                Conjuration/Hexes            4
   e - Iskenderun's Mystic Blast      Conjuration                  4
   f - Iskenderun's Battlesphere      Conjuration/Charms           5
Comestibles
 b - 2 bread rations
 d - 6 fruits
 f - 2 meat rations


   Skills:
 - Level 1.7 Dodging
 - Level 1.7 Stealth
 + Level 5.0 Spellcasting
 + Level 6.4 Conjurations
 * Level 3.1 Charms


You had 8 spell levels left.
You knew the following spells:

 Your Spells              Type           Power        Failure   Level  Hunger
a - Iskenderun's Battles  Conj/Chrm      ###.....     58%         5    ######.
x - Searing Ray           Conj           ####..       1%          2    #......
z - Magic Dart            Conj           ####         1%          1    None


Dungeon Overview and Level Annotations

Branches:
Dungeon (4/15)
 Temple: D:4-7

Altars:
Pakellas
Trog
Xom


Innate Abilities, Weirdness & Mutations

You can spit globs of burning liquid.
You can ignite nearby creatures when you spit burning liquid.
Your weird mottled scales are hard (AC +6).
Your body does not fit into most forms of armour.
You are cold-blooded and may be slowed by cold attacks.


Message History

Ymberto's ghost hits you!
* * * LOW HITPOINT WARNING * * *
Ymberto's ghost freezes you.
* * * LOW HITPOINT WARNING * * *
You puncture Ymberto's ghost!
Ymberto's ghost is almost destroyed.
* * * LOW HITPOINT WARNING * * *
You feel sick. Ymberto's ghost closely misses you.
You closely miss Ymberto's ghost. You tail-slap Ymberto's ghost.
You destroy Ymberto's ghost!
Your Spellcasting skill increases to level 5!
Your Charms skill gained 2 levels and is now at level 3!
You have reached level 7!
Your scales start taking on a weird mottled colour.
* * * LOW HITPOINT WARNING * * *
You feel sick.
There is a lethal amount of poison in your body!
There is a lethal amount of poison in your body!
There is a lethal amount of poison in your body!
Are you sure you want to abandon this character and quit the game? (Confirm with "yes".)

#...# #.# #..# #.#
#..#######.####
#..............
###...###..#.####..
#.....# #..#.≈≈≈≈
#.....###..#.≈### .#
#.#.#.......§§§_+.§#
#.#@##..#####§###§#
#.#.##..# #≈§≈§§# #
#.##..# ###...###
..##..###.......#
.####...........>#
#. ##.###.....†.# #
#.# ###^..### ..#
#...# #### ##.##


There were no monsters in sight!

Vanquished Creatures
  The ghost of Ymberto the Firebug, a novice HuFE (D:4)
  Grinder (D:3)
  An ogre (D:4)
  A worker ant (D:4)
  6 adders
  An adder skeleton (D:4)
  5 worms
  3 giant geckos
  6 orcs
  9 bats
  2 giant cockroaches (D:3)
  5 hobgoblins
  5 jackals
  3 quokkas
  4 giant newts
  6 goblins
  8 kobolds
  8 rats
75 creatures vanquished.

Notes
Turn   | Place    | Note
--------------------------------------------------------------
     0 | D:1      | namelastname112 the Draconian Conjurer began the quest for the Orb.
     0 | D:1      | Reached XP level 1. HP: 14/14 MP: 3/3
   320 | D:1      | Reached XP level 2. HP: 17/20 MP: 0/5
   324 | D:1      | Learned a level 2 spell: Searing Ray
   928 | D:2      | Reached XP level 3. HP: 26/26 MP: 5/7
  1531 | D:2      | Found a shimmering altar of Xom.
  1740 | D:3      | Reached XP level 4. HP: 24/33 MP: 6/8
  1912 | D:3      | Reached skill level 5 in Conjurations
  1944 | D:3      | Found a bloodstained altar of Trog.
  2057 | D:3      | Noticed Grinder
  2060 | D:3      | Paralysed by Grinder for 7 turns
  2096 | D:3      | Killed Grinder
  2096 | D:3      | Reached XP level 5. HP: 23/38 MP: 2/11
  2096 | D:3      | Reached XP level 6. HP: 27/45 MP: 2/12
  2211 | D:3      | Learned a level 5 spell: Iskenderun's Battlesphere
  2896 | D:3      | Reached skill level 6 in Conjurations
  2959 | D:4      | Reached skill level 1 in Charms
  3195 | D:4      | Found an oddly glowing altar of Pakellas.
  3207 | D:4      | Noticed Ymberto's ghost (novice HuFE)
  3232 | D:4      | HP: 3/67 [poisoned by Ymberto's ghost]
  3233 | D:4      | Killed Ymberto's ghost
  3233 | D:4      | Reached skill level 5 in Spellcasting
  3233 | D:4      | Reached XP level 7. HP: 3/50 MP: 1/14
  3233 | D:4      | Your scales start taking on a weird mottled colour.
  3235 | D:4      | Quit the game

Vault maps used:
D:1:      saegor_arrival_simple_e
D:2:      xom_teletrap_fun
D:3:      lemuel_doored_altar, minmay_bad_closet, uniq_grinder
D:4:      minmay_goblin_kobold_castle, kennysheep_mini_moat, dk_vineyard_1

Action                   |  1- 3 |  4- 6 |  7- 9 || total
-------------------------+-------+-------+-------++-------
Melee: Unarmed           |    10 |       |       ||    10
       Rapier            |    16 |       |       ||    16
       Dagger            |    23 |    30 |       ||    53
 Cast: Magic Dart        |    65 |    88 |       ||   153
       Searing Ray       |     1 |     7 |       ||     8
 Abil: Evoke Berserk Rag |     1 |     2 |       ||     3
  Use: Potion            |       |     4 |       ||     4
  Eat: Chunk             |     4 |     5 |       ||     9
